 Dungeon Crawl Stone Soup version 0.27.1-15-g792fb953b9 (webtiles) character file.

Game seed: 10602053892770813583

119 bearlyready the Insei (level 5, 0/33 HPs)
             Began as an Octopode Transmuter on Nov 20, 2021.
             Slain by a scorpion (9 damage)
             ... on level 3 of the Dungeon.
             The game lasted 00:03:49 (3245 turns).

bearlyready the Insei (Octopode Transmuter)         Turns: 3245, Time: 00:03:49

Health: 0/33       AC:  1    Str:  9    XL:     5   Next: 3%
Magic:  8/8        EV: 13    Int: 17    God:
Gold:   74         SH:  0    Dex: 12    Spells: 2/8 levels left

rFire    . . .     SeeInvis .     - Unarmed
rCold    . . .     Faith    .   (no shield)
rNeg     . . .     Spirit   .   (helmet restricted)
rPois    .         Reflect  .   (no amulet)
rElec    .         Harm     .   (no ring)
rCorr    .         Rampage  .   (no ring)
Will     .....                  (no ring)
Stlth    ++........             (no ring)
HPRegen  0.11/turn              (no ring)
MPRegen  0.11/turn              (no ring)
                                (no ring)
                                (no ring)

@: lethally poisoned (0 -> -1)
A: almost no armour, amphibious, 8 rings, camouflage 1, gelatinous body 1,
(nimble swimmer 1), tentacles
a: no special abilities


You were on level 3 of the Dungeon.
You visited 1 branch of the dungeon, and saw 3 of its levels.

You collected 74 gold pieces.

Inventory:

Scrolls
 a - a scroll of enchant weapon {unknown}
 b - a scroll of magic mapping {unknown}
 c - a scroll of torment {unknown}
 f - a scroll of identify {unknown}
 j - a scroll of teleportation {unknown}
Potions
 d - 3 potions of curing {unknown}
 e - a potion of haste {unknown}
 g - 2 potions of degeneration {unknown}
 h - a potion of lignification {unknown}
 i - a potion of brilliance {unknown}


   Skills:
 - Level 1.0 Fighting
 - Level 2.0 Dodging
 + Level 4.4 Unarmed Combat
 - Level 2.0 Spellcasting
 + Level 3.8 Transmutations


You had 2 spell levels left.
You knew the following spells:

 Your Spells              Type           Power      Damage    Failure   Level
a - Beastly Appendage     Tmut           28%        N/A       4%          1
b - Spider Form           Tmut/Pois      4%         N/A       26%         3
c - Wereblood             Tmut           14%        N/A       6%          2

Your spell library contained the following spells:

 Spells                   Type           Power      Damage    Failure   Level
 Ice Form                 Ice/Tmut       8%         N/A       65%         4


Dungeon Overview and Level Annotations

Branches:
Dungeon (3/15)

Altars:

Annotations:
D:3 1 runed translucent door, Crazy Yiuf


Innate Abilities, Weirdness & Mutations

You cannot wear most types of armour.
You are amphibious.
You can wear up to eight rings at the same time.
Your skin changes colour to match your surroundings (Stealth+).
Your rubbery body absorbs attacks. (AC +1, EV +1)
((You are camouflaged near water. (Stealth+)))
You have tentacles for arms and can constrict up to eight enemies at once.


Message History

Your transformation is almost over.
Your tentacle spike disappears.
HP restored.
There is an open door here.
There is an open door here.
Found a scroll labelled LOELET HUFFOH.
j - a scroll labelled LOELET HUFFOH
Found a mace.
Found a runed translucent door.
Crazy Yiuf shouts!
As you open the door, it creaks loudly!
There is an open door here.
Found a stone staircase leading down.
There is a stone staircase leading down here.
A scorpion comes into view.
A scorpion is nearby!
The scorpion stings you.
You are poisoned.
The scorpion poisons you!
You tentacle-slap the scorpion but do no damage.
You grab the scorpion. Your squeeze misses the scorpion.
You constrict the scorpion, but do no damage.
You feel sick. The scorpion stings you.
You tentacle-slap the scorpion but do no damage.
You constrict the scorpion, but do no damage.
You feel sick. The scorpion closely misses you.
You tentacle-slap the scorpion.
The scorpion is lightly wounded.
You constrict the scorpion, but do no damage.
You feel sick. The scorpion stings you!
You tentacle-slap the scorpion but do no damage.
The scorpion is lightly wounded.
You constrict the scorpion, but do no damage.
You feel sick. The scorpion misses you.
You tentacle-slap the scorpion but do no damage.
The scorpion is lightly wounded.
You constrict the scorpion.
You feel sick. The scorpion closely misses you.
You tentacle-slap the scorpion but do no damage.
The scorpion is moderately wounded.
You constrict the scorpion.
You feel sick. The scorpion stings you!
You die...

.#########.# .# #.# .# #####.# .#
#.....# .# #.##### .# #.# .#
#.######## .# #.##.....########.#
.#####.##.###.#.@s.....#
..........# #.#.#####.##
........#####.#.....#.#
............#.#..##.#.##
#.......###.#.#..##....##########
#.......# #.#.#..####..#.........
#.......###.#......#.............
..............>#.#.#...##......##
##.....####.#....#.#...##..###...


You could see a scorpion.

Vanquished Creatures
  A scorpion zombie (D:3)
  Terence (D:3)
  A worm (D:2)
  3 dart slugs (D:1)
  8 endoplasms
  2 giant cockroaches
  5 goblins
  7 hobgoblins
  8 jackals
  A quokka (D:1)
  3 ball pythons
  6 bats
  4 frilled lizards
  A kobold (D:1)
  6 rats
57 creatures vanquished.

Notes
Turn   | Place    | Note
-------+----------+-------------------------------------------
     0 | D:1      | bearlyready the Octopode Transmuter began the quest for the
                  | Orb.
     0 | D:1      | Reached XP level 1. HP: 13/13 MP: 3/3
   100 | D:1      | Reached XP level 2. HP: 13/18 MP: 3/5
   537 | D:1      | Reached XP level 3. HP: 23/23 MP: 6/6
  2223 | D:3      | Reached skill level 4 in Unarmed Combat
  2223 | D:3      | Reached XP level 4. HP: 21/28 MP: 7/7
  2864 | D:3      | Noticed Terence
  2876 | D:3      | Killed Terence
  2877 | D:3      | Reached XP level 5. HP: 19/33 MP: 8/8
  3007 | D:2      | Learned a level 3 spell: Spider Form
  3010 | D:2      | Learned a level 2 spell: Wereblood
  3108 | D:3      | Found a runed translucent door.
  3109 | D:3      | Noticed Crazy Yiuf
  3245 | D:3      | Slain by a scorpion

Illustrated notes

Levels and vault maps discovered:
D:1:      minmay_arrival_glassed_features, layout_rooms, st_stairs_14,
          moated_statue
D:2:      layout_basic
D:3:      minmay_diamond_boxcup, layout_basic, uniq_terence,
          uniq_crazy_yiuf_cottage

Skill      XL: |  1  2  3 |
---------------+----------+-----
Transmutations | 3 |  3.8
Unarmed Combat | 4 |  4.4
Fighting       | |  1.0
Dodging        | |  2.0
Spellcasting   | |  2.0

Action                   |  1- 3 |  4- 6 || total
-------------------------+-------+-------++-------
Melee: Unarmed           |   124 |    45 ||   169
       Constrict         |    31 |    10 ||    41
       Tentacles         |    15 |     7 ||    22
       Punch             |     3 |       ||     3
       Kick              |     5 |     6 ||    11
 Cast: Beastly Appendage |     3 |     2 ||     5
 Stab: Sleeping          |     7 |     1 ||     8
Armor: Skin              |    16 |     1 ||    17
Dodge: Dodged            |    77 |    30 ||   107
